 Dungeon Crawl Stone Soup version 0.30-a0-3-gc9032a9cac (webtiles) character file.

Game seed: 4838812499340371488

410 BritishOli the Trooper (level 6, 0/50 HPs)
             Began as a Demonspawn Fighter on Aug 20, 2022.
             Succumbed to an adder's poison
             ... on level 5 of the Dungeon.
             The game lasted 00:07:28 (6636 turns).

BritishOli the Trooper (Demonspawn Fighter)         Turns: 6636, Time: 00:07:29

Health: 0/50       AC:  1    Str: 18    XL:     6   Next: 58%
Magic:  6/6        EV: 25    Int: 10    God:
Gold:   120        SH:  9    Dex: 12    Spells: 5/5 levels left

rFire   . . .      SeeInvis .    a - +1 long sword
rCold   . . .      Faith    .    c - +0 buckler
rNeg    . . .      Spirit   .    (no body armour)
rPois   .          Reflect  .    (no helmet)
rElec   .          Harm     .    (no cloak)
rCorr   .          Rampage  .    (no gloves)
Will    .....                    (no boots)
Stlth   +.........               r - amulet of the acrobat
HPRegen 0.16/turn                (no ring)
MPRegen 0.10/turn                (no ring)

@: lethally poisoned (0 -> -3), acrobatic
A: claws 1, rugged brown scales 1, demonic guardian 1, condensation shield
a: no special abilities


You were on level 5 of the Dungeon.
You visited 1 branch of the dungeon, and saw 5 of its levels.

You collected 120 gold pieces.

Inventory:

Hand Weapons
 a - a +1 long sword (weapon)
Armour
 b - a +0 scale mail
 c - a +0 buckler (worn)
Jewellery
 r - an amulet of the acrobat (around neck)
Wands
 y - a wand of quicksilver (1)
Scrolls
 e - a scroll of summoning
 f - 2 scrolls of enchant armour {unknown}
 g - a scroll of brand weapon {unknown}
 j - a scroll of enchant weapon
 k - 3 scrolls of teleportation
 l - a scroll of blinking {unknown}
 n - 2 scrolls of poison {unknown}
 s - a scroll of magic mapping {unknown}
 t - 2 scrolls of butterflies
 v - a scroll of vulnerability {unknown}
 w - a scroll of amnesia {unknown}
 x - 2 scrolls of identify {unknown}
Potions
 d - a potion of might
 h - 2 potions of brilliance {unknown}
 i - 2 potions of curing {unknown}
 m - 2 potions of haste
 o - a potion of mutation {unknown}
 p - 2 potions of invisibility {unknown}
 q - a potion of resistance {unknown}
 u - a potion of cancellation {unknown}


   Skills:
 + Level 4.5 Fighting
 + Level 3.5 Long Blades
 + Level 4.1 Armour
 + Level 4.1 Shields


You had 5 spell levels left.
You didn't know any spells.
Your spell library contained the following spells:

 Spells                   Type           Power      Damage    Failure   Level
 Animate Dead             Necr           0%         N/A       99%         4
 Alistair's Intoxication  Tmut/Pois      0%         N/A       100%        5
 Borgnjor's Vile Clutch   Necr/Erth      0%         N/A       100%        5
 Eringya's Noxious Bog    Tmut/Pois      0%         N/A       100%        6
 Haunt                    Necr/Summ      0%         N/A       100%        7
 Infestation              Necr           0%         N/A       100%        8


Dungeon Overview and Level Annotations

Branches:
Dungeon (5/15)
 Temple: D:4-7

Altars:
Uskayaw

Annotations:
D:3 1 runed translucent door, Crazy Yiuf


Innate Abilities, Weirdness & Mutations

You have sharp fingernails.
You are partially covered in rugged brown scales. (AC +1, +3% HP)
A weak demonic guardian rushes to your aid.
A meltable shield of frost defends you. (SH +4)


Message History

The adder barely misses you. The iguana bites your white imp!
You block the adder's attack.
Your white imp barely misses the iguana.
The iguana bites your white imp.
Your white imp dies!
Your white imp disappears in a puff of smoke!
You block the adder's attack. You block the adder's attack.
The iguana misses you. The adder closely misses you.
The iguana barely misses you. You block the adder's attack.
The iguana completely misses you. The adder barely misses you.
You block the adder's attack. The iguana completely misses you.
You block the adder's attack. The iguana bites you!
The adder completely misses you. The iguana barely misses you.
The adder bites you. The adder completely misses you.
The iguana completely misses you. The adder misses you.
The iguana completely misses you. You block the adder's attack.
The iguana bites you.
* * * LOW HITPOINT WARNING * * *
The adder misses you. The iguana completely misses you.
The adder closely misses you. You block the adder's attack.
The iguana barely misses you. You block the adder's attack.
The iguana completely misses you. The adder closely misses you.
The iguana closely misses you. You block the adder's attack.
The adder completely misses you. You block the iguana's attack.
The adder misses you. You block the iguana's attack.
The adder completely misses you. The iguana bites you.
The adder completely misses you. The adder bites you.
* * * LOW HITPOINT WARNING * * *
You are poisoned.
The adder poisons you! You block the iguana's attack.
You feel sick. The adder completely misses you. The iguana misses you.
You feel sick. The adder bites you but does no damage. The iguana bites you!
* * * LOW HITPOINT WARNING * * *
A demonic guardian appears!
You block the adder's attack.
* * * LOW HITPOINT WARNING * * *
You feel sick. The iguana closely misses you. You block the adder's attack.
You die...

# .# ### .# #....
##.#. ... # #.###S##.#
#....@l..# #####5####
#........# ##+##
#.###..#.# ##...##
#.####.#.# ##.....#
#........## ##.......
######....####........
#.......'........
#....####........


You could see an iguana, an adder (ally target) and a friendly white imp
(summoned).

Vanquished Creatures
  A phantom (D:4)
  An orc priest (D:3)
  An orc wizard (D:4)
  Robin (D:4)
  3 gnolls (D:3)
  5 adders
  A worm (D:2)
  3 dart slugs
  7 orcs
  10 ball pythons
  8 endoplasms
  6 giant cockroaches
  18 goblins
  10 hobgoblins
  4 jackals
  3 kobolds
  2 quokkas
  13 bats
  4 frilled lizards
  4 rats
105 creatures vanquished.

Vanquished Creatures (collateral kills)
  An orc priest (D:4)
  A gnoll (D:2)
  An adder (D:4)
  A worm (D:3)
  5 orcs
  An endoplasm (D:4)
  A goblin (D:4)
  2 hobgoblins (D:4)
  A rat (D:2)
14 creatures vanquished.

Vanquished Creatures (others)
  A hobgoblin (D:4)
1 creature vanquished.

Grand Total: 120 creatures vanquished

Notes
Turn   | Place    | Note
-------+----------+-------------------------------------------
     0 | D:1      | BritishOli the Demonspawn Fighter began the quest for the
                  | Orb.
     0 | D:1      | Reached XP level 1. HP: 18/18 MP: 1/1
   184 | D:1      | Gained mutation: A weak demonic guardian rushes to your
                  | aid. [demonic ancestry]
   184 | D:1      | Reached XP level 2. HP: 24/24 MP: 2/2
   674 | D:1      | Gained mutation: You have sharp fingernails. [demonic
                  | ancestry]
   674 | D:1      | Reached XP level 3. HP: 29/29 MP: 3/3
  1810 | D:2      | Reached XP level 4. HP: 16/35 MP: 4/4
  1861 | D:3      | HP: 1/35 [gnoll/+0 flail (6)]
  3316 | D:3      | Found a hide-covered altar of Uskayaw.
  3361 | D:3      | Gained mutation: You are partially covered in rugged brown
                  | scales. (AC +1, +3% HP) [demonic ancestry]
  3361 | D:3      | Reached XP level 5. HP: 34/43 MP: 5/5
  3455 | D:3      | Found a runed translucent door.
  3456 | D:3      | Noticed Crazy Yiuf
  3896 | D:3      | Found a faded altar of an unknown god.
  4294 | D:4      | Identified the +0 robe of Ethics {rPois Regen+ Dex+4}
  4317 | D:4      | Noticed Robin
  4786 | D:4      | Killed Robin
  5384 | D:4      | Gained mutation: A meltable shield of frost defends you.
                  | (SH +4) [demonic ancestry]
  5384 | D:4      | Reached XP level 6. HP: 32/49 MP: 6/6
  6034 | D:4      | HP: 2/50 [poisoned by an adder]
  6486 | D:5      | Entered Level 5 of the Dungeon
  6634 | D:5      | HP: 2/50 [iguana (8)]
  6636 | D:5      | Succumbed to an adder's poison

Illustrated notes

Levels and vault maps discovered:
D:1:      dpeg_arrival_more_subterranean_lakeside_camping, layout_loops_ring
D:2:      layout_loops_corners, columned_hall_lemuel
D:3:      layout_basic, old_standard_altar,
          shapermc_ecumenical_altar_totnotflames, uniq_crazy_yiuf_cottage
D:4:      layout_cave_pools, uniq_robin
D:5:      layout_loops_corners, portal_sewer_entry_a, uniq_sigmund

Skill      XL: |  1  2  3  4  5  6 |
---------------+-------------------+-----
Long Blades    | 2 3 |  3.5
Armour         | 3 4 |  4.1
Shields        | 3 4 |  4.1
Fighting       | 4 |  4.5

Action                   |  1- 3 |  4- 6 || total
-------------------------+-------+-------++-------
Melee: Long sword        |   136 |   273 ||   409
  Use: Scroll            |       |     4 ||     4
 Stab: Sleeping          |       |     1 ||     1
Armor: Scale mail        |    69 |   145 ||   214
       Skin              |       |     2 ||     2
Dodge: Dodged            |    84 |   350 ||   434
Block: Buckler           |    25 |   210 ||   235

Table legend: (Time is in decaauts)
 A = Elapsed time spent in this place.
 B = Non-inter-level travel time spent in this place.
 C = Inter-level travel time spent in this place.
 D = Time resting spent in this place.
 E = Time spent auto-exploring this place.
 F = Levels seen in this place.
 G = Mean time per level.
                   A        B        C        D        E       F      G
               +--------+--------+--------+--------+--------+-----+--------+
         Total |   6769 |   6602 |    167 |   2100 |   3325 |   5 | 1353.8 |
       Dungeon |   6769 |   6602 |    167 |   2100 |   3325 |   5 | 1353.8 |
               +--------+--------+--------+--------+--------+-----+--------+

Top non-repeatable levels by time:
     D:3: 2346 daAuts
     D:2: 1584 daAuts
     D:4: 1507 daAuts
     D:1: 1180 daAuts
     D:5: 150 daAuts
